 Dungeon Crawl Stone Soup version 0.24-a0-769-g368c164 (webtiles) character file.

Game seed: 10363587395487527786, levelgen mode: deterministic

3085 Charmandara the Covert (level 9, -1/72 HPs)
             Began as a Tengu Assassin on Oct 6, 2019.
             Was an Elder of Hepliaklqana.
             Slain by an orc knight
             ... wielding a +0 war axe
              (4 damage)
             ... in a bailey.
             The game lasted 00:27:12 (8809 turns).

Charmandara the Covert (Tengu Assassin)             Turns: 8809, Time: 00:27:13

Health: -1/72      AC:  4    Str: 19    XL:     9   Next: 89%
Magic:  9/11       EV: 14    Int: 12    God:    Hepliaklqana [****..]
Gold:   391        SH:  3    Dex: 14    Spells: 8/8 levels left

rFire    . . .     SeeInvis .   a - +3 dagger
rCold    . . .     Gourm    .   (no shield)
rNeg     . . .     Faith    .   b - +0 robe
rPois    .         Spirit   .   (helmet restricted)
rElec    .         Reflect  +   c - +1 cloak
rCorr    .         Harm     .   (no gloves)
MR       .....                  (boots unavailable)
Stlth    ..........             H - +3 amulet of reflection
HPRegen  0.22/turn              K - ring of stealth {Stlth+}
MPRegen  0.12/turn              v - -2 ring of dexterity (curse)

@: berserking, flying quickly and evasively, very quick
A: reduced essence, beak, talons 3, able to fly
a: Stop Flying, Recall Ancestor, Ancestor Identity, Transference, Idealise,
Renounce Religion


You were in a bailey.
You worshipped Hepliaklqana.
Hepliaklqana was greatly pleased with you.
You were not hungry.

You visited 1 branch of the dungeon, and saw 7 of its levels.
You also visited: Sewer and Bailey.

You collected 618 gold pieces.
You spent 227 gold pieces at shops.

Inventory:

Hand Weapons
 a - a +3 dagger (weapon)
 y - a +0 dagger of freezing
   (You took it off a goblin on level 3 of the Dungeon)
 F - a +0 scimitar
   (You found it on level 6 of the Dungeon)
Missiles
 e - 2 curare-tipped darts
 m - 21 poisoned darts
 q - 2 atropa-tipped darts
 E - 43 boomerangs (quivered)
Armour
 b - a +0 robe (worn)
 c - a +1 cloak (worn)
 d - a +0 ring mail
   (You took it off Terence on level 2 of the Dungeon)
 s - a +0 scale mail
   (You found it on level 3 of the Dungeon)
Jewellery
 i - a +1 ring of evasion
   (You found it on level 1 of the Dungeon)
 n - an uncursed ring of magical power {MP+9}
   (You found it on level 3 of the Dungeon)
 r - an uncursed ring of teleportation {+/*tele, !d}
   (You found it on level 3 of the Dungeon)
 t - an uncursed ring of stealth {Stlth+}
   (You found it on level 7 of the Dungeon)
 v - a cursed -2 ring of dexterity (right hand)
   (You found it on level 6 of the Dungeon)
 x - an uncursed amulet of the acrobat
   (You found it on level 3 of the Dungeon)
 H - a +3 amulet of reflection (around neck)
   (You found it on level 6 of the Dungeon)
 K - a ring of stealth (left hand) {Stlth+}
   (You bought it in a shop on level 6 of the Dungeon)
Wands
 k - a wand of clouds (1)
   (You found it on level 7 of the Dungeon)
 I - a wand of random effects (18)
   (You took it off Pikel on level 6 of the Dungeon)
Scrolls
 j - 7 scrolls of teleportation
 l - 2 scrolls of amnesia
 o - 2 scrolls of identify
 z - a scroll of immolation {!r}
 D - 2 scrolls of fog
Potions
 p - 10 potions of curing
 u - a potion of ambrosia
 A - 2 potions of magic
 B - 2 potions of might
 C - 2 potions of haste
 G - a potion of cancellation
Comestibles
 f - 7 rations
 h - a chunk of flesh {@w0}


   Skills:
 - Level 5.2 Fighting
 - Level 2.1(3.7) Short Blades
 * Level 4.7(5.0) Long Blades
 + Level 8.2 Throwing
 - Level 1.1 Dodging
 + Level 9.7 Stealth
 + Level 2.4 Invocations


You had 8 spell levels left.
You didn't know any spells.
Your spell library was empty.

Dungeon Overview and Level Annotations

Branches:
Dungeon (7/15)             Temple (0/1) D:6           Sewer (visited)
 Bailey (1/1)

Altars:
Ashenzari
Cheibriados
Elyvilon
Fedhas
Hepliaklqana
Qazlal

Shops:
D:6 =

Annotations:
D:4 3 runed translucent doors, toni2068's ghost, amateur CeHu
D:5 1 runed translucent door, Dittersdorf's ghost, novice MfFi
D:7 1 transporter


Innate Abilities, Weirdness & Mutations

You have a beak for a mouth.
You have claws for feet.
You can fly continuously.
Your life essence is reduced to manifest your ancestor. (-10% HP)


Message History

You reach down and open the door. 2 orcs come into view.
An orc warrior comes into view. It is wielding a +0 hand axe.
There is an open door here.
An orc warrior and an orc knight come into view.
Found a bloodstained altar of Trog.
The helpless orc fails to defend itself.
You perforate the orc like a sieve!!!
You kill the orc!
The helpless orc fails to defend itself.
You stick the orc like a pincushion!!!
You kill the orc!
The orc knight shouts!
The orc warrior shouts!
The orc knight roars a battlecry!
The orc warriors go into a battle-frenzy!
You don't know any spells.
Okay, then.
Unknown command.
You don't know any spells.
Unknown command.
Things that are here:
a +0 war axe; a +0 leather armour
Okay, then.
You hit the orc warrior. Your kick misses the orc warrior.
Captain Beefheart closely misses the orc warrior.
You block the orc warrior's attack.
The orc warrior hits Captain Beefheart with a +0 war axe!
Captain Beefheart hits the orc warrior with a +0 dagger of draining.
Captain Beefheart drains the orc warrior.
The orc warrior hits Captain Beefheart with a +0 war axe.
Captain Beefheart casts a spell at the orc warrior.
The orc warrior resists with significant effort.
The orc warrior hits Captain Beefheart with a +0 war axe!
Captain Beefheart points at the orc warrior and mumbles some strange words.
The orc warrior resists with significant effort.
There is an open door here.
Captain Beefheart barely misses the orc warrior.
You don't know any spells.
Unknown command.
Captain Beefheart is recalled.
Captain Beefheart gestures at the orc warrior while chanting.
The orc knight easily resists.
You now have 9/11 mp.
Okay, then.
Okay, then.
Aim: an orc knight, wielding a +0 war axe and wearing a +0 plate armour (chance to defeat MR: 28%)
The orc knight easily resists.
The now-empty wand crumbles to dust.
The orc knight barely misses you.
The orc knight hits Captain Beefheart with a +0 war axe!
The orc warrior barely misses you.
Captain Beefheart casts a spell at the orc warrior.
The orc knight easily resists.
Aim: an orc warrior, wielding a +0 hand axe and wearing a +0 ring mail (unusually strong)
You create a blast of freezing vapour!
The orc warrior is engulfed in freezing vapours.
Captain Beefheart closely misses the orc knight.
The orc warrior is engulfed in freezing vapours.
The orc warrior hits you but does no damage.
The orc knight is engulfed in freezing vapours.
The orc knight hits you with a +0 war axe!!
Ouch! That really hurt!
The orc knight hits Captain Beefheart with a +0 war axe.
Captain Beefheart is destroyed!
You take 26 damage, and have 20/48 hp.
MASSIVE DAMAGE!!
Unknown command.
Unknown command.
Okay, then.
Really quaff
w - a potion of berserk rage {!q}?
A red film seems to cover your vision as you go berserk!
You feel yourself moving faster!
You feel mighty!
The orc warrior no longer looks unusually strong.
The orc warrior is engulfed in freezing vapours. x2
The orc warrior hits you with a +0 hand axe!
The orc knight is engulfed in freezing vapours.
The orc knight hits you with a +0 war axe!!
* * * LOW HITPOINT WARNING * * *
You now have 2/72 hp.
You hit the orc knight but do no damage.
You claw the orc knight.
The orc warrior is engulfed in freezing vapours.
You kill the orc warrior!
You closely miss the orc warrior. You claw the orc warrior.
You kill the orc warrior!
The orc knight is engulfed in freezing vapours.
You block the orc knight's attack.
You hit the orc knight but do no damage.
You peck the orc knight! You closely miss the orc knight.
You peck the orc knight.
Here: an orc knight, wielding a +0 war axe and wearing a +0 plate armour (freezing vapour, heavily wounded)
The floor.
You are too berserk!
Unknown command.
You are too berserk!
Unknown command.
You are too berserk!
Unknown command.
You closely miss the orc knight. Your kick misses the orc knight.
The orc knight hits you with a +0 war axe.
You die...

#.'.'≈≈.......≈≈'.'.#
#.###≈≈.......≈≈###.#
#^'.'≈≈.......≈≈'.'^#
#####≈≈.......≈≈#####
##≈....)..≈##
####'''#### ##.....##
#∩.....∩# #...8@..#
##.§§o.## ###§###
####§§.####
###..§§.....##
##.............#
#....)..).......
#...............
##.............#


You could see an orc knight.

Vanquished Creatures
  Pikel (D:6)
  Menkaure (D:6)
  A water moccasin (D:6)
  3 orc warriors (Bailey)
  2 sky beasts
  A phantom (D:5)
  4 bullfrogs
  A scorpion (D:2)
  A crimson imp (D:7)
  A bullfrog zombie (D:7)
  2 orc priests (D:3)
  A bullfrog skeleton (D:5)
  Jessica (D:3)
  4 worker ants
  Terence (D:2)
  3 orc wizards
  A river rat (Sewer)
  15 adders
  A shadow imp (D:5)
  3 dart slugs
  3 worms
  3 leopard geckos
  12 orcs
  7 bats
  6 giant cockroaches
  9 goblins
  8 hobgoblins
  5 jackals
  2 quokkas (D:2)
  11 ball pythons
  5 frilled lizards
  A jackal zombie (D:6)
  17 kobolds
  23 rats
160 creatures vanquished.

Vanquished Creatures (collateral kills)
  2 slaves (D:6)
  An ice beast (D:5)
  2 sky beasts (D:5)
  2 ogres (D:5)
  A phantom (D:5)
  A scorpion (D:5)
  2 jellies
  An orc priest (D:7)
  2 hounds
  An orc wizard (D:6)
  7 adders
  A river rat (Sewer)
  An ooze (D:3)
  A dart slug (D:3)
  2 orcs
  4 ball pythons
  4 bats
  2 giant cockroaches
  A goblin (D:3)
  4 jackals
  A quokka (D:6)
  A frilled lizard (D:3)
  A kobold (D:3)
  8 rats
53 creatures vanquished.

Vanquished Creatures (others)
  3 hexers
  An ancestor (D:3)
  A withered plant (D:5)
5 creatures vanquished.

Grand Total: 218 creatures vanquished

Notes
Turn   | Place    | Note
-------+----------+-------------------------------------------
     0 | D:1      | Charmandara the Tengu Assassin began the quest for the Orb.
     0 | D:1      | Reached XP level 1. HP: 12/12 MP: 2/2
   117 | D:1      | Reached XP level 2. HP: 15/17 MP: 3/3
   594 | D:1      | Reached XP level 3. HP: 21/21 MP: 4/4
   798 | D:2      | Noticed Terence
   837 | D:2      | Killed Terence
   837 | D:2      | Reached skill level 3 in Throwing
   898 | D:2      | Reached XP level 4. HP: 19/26 MP: 5/5
   937 | D:2      | HP: 6/26 [adder (1)]
   941 | D:2      | Reached skill level 5 in Stealth
   942 | D:2      | HP: 7/39 [poisoned by an adder]
   949 | D:2      | HP: 6/39 [poisoned by an adder]
   957 | D:2      | HP: 5/39 [poisoned by an adder]
  1217 | D:2      | Found a faded altar of an unknown god.
  1246 | D:2      | Became a worshipper of Hepliaklqana the Forgotten
  1246 | D:2      | Reached * piety under Hepliaklqana
  1549 | D:2      | Gained mutation: You can fly continuously. [Tengu growth]
  1549 | D:2      | Reached XP level 5. HP: 15/27 MP: 6/6
  1907 | D:3      | Reached skill level 4 in Throwing
  3066 | D:3      | Reached skill level 6 in Stealth
  3066 | D:3      | Reached XP level 6. HP: 14/31 MP: 5/7
  3362 | D:3      | Reached ** piety under Hepliaklqana
  3363 | D:3      | Remembered your ancestor Captain Beefheart as a hexer
  3965 | D:3      | Reached skill level 5 in Throwing
  4073 | D:3      | Noticed Jessica
  4082 | D:3      | Killed Jessica
  4214 | D:4      | Found a runed translucent gate.
  4215 | D:4      | Found a runed translucent gate.
  4216 | D:4      | Found a runed translucent gate.
  4225 | D:4      | Noticed toni2068's ghost (amateur CeHu)
  4254 | D:4      | Found a shattered altar of Ashenzari.
  4280 | D:4      | Found a snail-covered altar of Cheibriados.
  5211 | D:5      | Entered Level 5 of the Dungeon
  5223 | D:5      | Reached skill level 7 in Stealth
  5223 | D:5      | Reached XP level 7. HP: 36/36 MP: 8/8
  5329 | D:5      | Found a white marble altar of Elyvilon.
  5333 | D:5      | Found a blossoming altar of Fedhas.
  5337 | D:5      | Found a stormy altar of Qazlal.
  5381 | D:5      | Reached *** piety under Hepliaklqana
  5397 | D:5      | Reached skill level 3 in Fighting
  5397 | D:5      | Reached skill level 6 in Throwing
  5665 | D:5      | Found a glowing drain.
  5669 | Sewer    | Entered a sewer
  5706 | Sewer    | Reached XP level 8. HP: 25/41 MP: 9/9
  6476 | D:5      | Reached skill level 8 in Stealth
  6828 | D:5      | Reached skill level 4 in Fighting
  6857 | D:5      | Found a runed translucent door.
  6857 | D:5      | Noticed Dittersdorf's ghost (novice MfFi)
  7042 | D:5      | Reached skill level 7 in Throwing
  7407 | D:6      | Found a staircase to the Ecumenical Temple.
  7451 | D:6      | Reached skill level 5 in Fighting
  7451 | D:6      | HP: 7/44 [orc wizard/puff of flame (10)]
  7452 | D:6      | Reached XP level 9. HP: 26/48 MP: 10/10
  7673 | D:6      | Reached skill level 9 in Stealth
  7709 | D:6      | Noticed Pikel
  7804 | D:6      | HP: 10/48 [slave[Pikel] (5)]
  7991 | D:6      | Reached skill level 1 in Long Blades
  8034 | D:6      | Noticed Menkaure
  8040 | D:6      | Killed Menkaure
  8154 | D:6      | Killed Pikel
  8154 | D:6      | Reached skill level 3 in Long Blades
  8154 | D:6      | Reached skill level 1 in Invocations
  8457 | D:6      | Found Quinkueh's Jewellery Shop.
  8460 | D:6      | Bought an uncursed ring of stealth for 227 gold pieces
  8510 | D:7      | Reached skill level 8 in Throwing
  8598 | D:7      | Found a transporter.
  8618 | D:7      | Reached skill level 4 in Long Blades
  8637 | D:7      | Reached skill level 2 in Invocations
  8647 | D:7      | Found a flagged portal.
  8656 | Bailey   | Entered a bailey
  8669 | Bailey   | Reached **** piety under Hepliaklqana
  8786 | Bailey   | Found a bloodstained altar of Trog.
  8786 | Bailey   | Noticed an orc knight
  8804 | Bailey   | HP: 2/72 [orc knight/+0 war axe (21)]
  8809 | Bailey   | Slain by an orc knight

Levels and vault maps discovered:
D:1:      nagdon_arrival_double_spiral, layout_basic
D:2:      layout_basic, chequers_ecumenical_altar_island, st_stairs_7,
          uniq_terence
D:3:      kennysheep_big_flooded_room, layout_basic, minmay_snake_closets,
          uniq_jessica
D:4:      layout_layer_cave, cheibriados_altar_1, nicolae_ashenzari_panopticon,
          gammafunk_ghost_necromancy, first_ration
D:5:      layout_cave_pools, minmay_overflow_temple_star_quad,
          gup_sewer_entry_spiral, gammafunk_ghost_grave
D:6:      layout_basic, minmay_temple_entry_waves, serial_shops,
          kennysheep_mini, uniq_menkaure, uniq_pikel
D:7:      layout_layer_cave, vehumet_crystals, enter_bailey_8,
          gammafunk_ghost_mausoleum
Bailey:   bailey_axe_3, bailey

Skill      XL: |  1  2  3  4  5  6  7  8  9 |
---------------+----------------------------+-----
Throwing       | 3 4 5 6 7 8 |  8.2
Stealth        | 5 6 7 8 9 |  9.7
Fighting       | 3 5 |  5.2
Long Blades    | 4 |  4.7
Invocations    | 2 |  2.4
Short Blades   | |  2.1
Dodging        | |  1.1

Action                   |  1- 3 |  4- 6 |  7- 9 || total
-------------------------+-------+-------+-------++-------
Melee: Dagger            |    28 |       |    46 ||    74
       Kick              |    11 |    34 |    69 ||   114
       Peck              |     5 |    23 |    38 ||    66
       Hand axe          |    23 |   134 |   160 ||   317
Throw: Dart              |    10 |    21 |    42 ||    73
       Boomerang         |       |       |    12 ||    12
Invok: Recall Ancestor   |       |     6 |     8 ||    14
       Ancestor Identity |       |     1 |       ||     1
       Ancestor Life: He |       |     1 |       ||     1
 Abil: Fly               |       |     2 |     1 ||     3
       Stop Flying       |       |     1 |     1 ||     2
Evoke: Wand              |       |     2 |    10 ||    12
  Use: Scroll            |     2 |     7 |     7 ||    16
       Potion            |       |     8 |     2 ||    10
 Stab: Sleeping          |    10 |    19 |    10 ||    39
       Distracted        |       |     1 |     2 ||     3
       Confused          |       |     1 |     3 ||     4
       Paralysed         |       |       |    20 ||    20
  Eat: Chunk             |       |    12 |     6 ||    18
       Ration            |       |       |     2 ||     2
Armor: Robe              |     8 |    28 |    23 ||    59
       Skin              |       |     5 |       ||     5
Dodge: Dodged            |    20 |   127 |   175 ||   322
Block: Other             |       |       |     7 ||     7
       Reflection        |       |       |     2 ||     2

Table legend:
 A = Non-vault XP
 B = Vault XP
 C = Vault XP percentage of total XP
 D = Non-vault monster count
 E = Vault monster count
 F = Vault count percentage of total count
                 A         B        C        D         E       F
            +---------+---------+-------+---------+---------+-------
      Total |    2609 |    1799 |  40.8 |     123 |      88 |  41.7
            +---------+---------+-------+---------+---------+-------
        D:1 |      38 |       0 |   0.0 |      22 |       0 |   0.0
        D:2 |     127 |      39 |  23.5 |      21 |       3 |  12.5
        D:3 |     203 |     152 |  42.8 |      31 |      14 |  31.1
        D:4 |      44 |       0 |   0.0 |       3 |       0 |   0.0
        D:5 |    1330 |      33 |   2.4 |      27 |       6 |  18.2
        D:6 |     358 |     839 |  70.1 |      10 |       2 |  16.7
        D:7 |     509 |       0 |   0.0 |       9 |       0 |   0.0
      Sewer |       0 |     318 | 100.0 |       0 |      48 | 100.0
     Bailey |       0 |     418 | 100.0 |       0 |      15 | 100.0
            +---------+---------+-------+---------+---------+-------

Levels and vault maps discovered:
D:1:      nagdon_arrival_double_spiral, layout_basic
D:2:      layout_basic, chequers_ecumenical_altar_island, st_stairs_7,
          uniq_terence
D:3:      kennysheep_big_flooded_room, layout_basic, minmay_snake_closets,
          uniq_jessica
D:4:      layout_layer_cave, cheibriados_altar_1, nicolae_ashenzari_panopticon,
          gammafunk_ghost_necromancy, first_ration
D:5:      layout_cave_pools, minmay_overflow_temple_star_quad,
          gup_sewer_entry_spiral, gammafunk_ghost_grave
D:6:      layout_basic, minmay_temple_entry_waves, serial_shops,
          kennysheep_mini, uniq_menkaure, uniq_pikel
D:7:      layout_layer_cave, vehumet_crystals, enter_bailey_8,
          gammafunk_ghost_mausoleum
Bailey:   bailey_axe_3, bailey

Table legend:
 A = Turns spent in this place as a percentage of turns spent in the entire game.
 B = Non-inter-level travel turns spent in this place as a percentage of non-inter-level travel turns spent in the entire game.
 C = Inter-level travel turns spent in this place as a percentage of turns spent in this place.
 D = Turns resting spent in this place as a percentage of non-inter-level travel turns spent in this place.
 E = Turns spent auto-exploring this place as a percentage of non-inter-level travel turns spent in this place.
 F = Non-inter-level travel turns spent in this place divided by the number of levels of this place that you've seen.
                   A       B       C       D       E      F
               +-------+-------+-------+-------+-------+----------------------
         Total | 100.0 | 100.0 |   3.2 |  27.8 |  41.8 | 947.8
       Dungeon |  90.1 |  89.7 |   3.5 |  27.0 |  44.8 | 1093.4
         Sewer |   8.2 |   8.5 |   0.0 |  42.0 |  16.6 | 723.0
        Bailey |   1.7 |   1.8 |   0.0 |   0.0 |   7.2 | 153.0
               +-------+-------+-------+-------+-------+----------------------

Table legend:
 A = Kills in this place as a percentage of kills in entire the game.
 B = Kills by you in this place as a percentage of kills by you in the entire game.
 C = Kills by friends in this place as a percentage of kills by friends in the entire game.
 D = Other kills in this place as a percentage of other kills in the entire game.
 E = Experience gained in this place as a percentage of experience gained in the entire game.
 F = Experience gained in this place divided by the number of levels of this place that you have seen.
                   A       B       C       D       E      F
               +-------+-------+-------+-------+-------+----------------------
         Total | 100.0 | 100.0 | 100.0 |   N/A | 100.0 | 489.8
       Dungeon |  70.1 |  68.1 |  76.5 |   N/A |  83.3 | 524.6
         Sewer |  22.7 |  22.5 |  23.5 |   N/A |   7.2 | 318.0
        Bailey |   7.1 |   9.4 |   0.0 |   N/A |   9.5 | 418.0
               +-------+-------+-------+-------+-------+----------------------
